 Dungeon Crawl Stone Soup version 0.17-a0-2069-g0f4ee5b (webtiles) character file.

4635 pk666 the Fighter (level 10, -2/95 HPs)
             Began as a Minotaur Fighter on Oct 13, 2015.
             Was an Elder of Okawaru.
             Slain by Snorg (10 damage)
             ... on level 10 of the Dungeon.
             The game lasted 00:21:40 (6707 turns).

pk666 the Fighter (Minotaur Fighter)                Turns: 6707, Time: 00:21:43

Health: -2/95      AC: 16    Str: 23    XL:     10   Next: 20%
Magic:  18/18      EV:  4    Int:  5    God:    Okawaru [****..]
Gold:   401        SH:  8    Dex: 11    Spells: 0 memorised, 9 levels left

rFire  . . .     SeeInvis .     a - +0 war axe
rCold  . . .     Clarity  .     e - +0 plate armour
rNeg   . . .     SustAt   .     c - +0 shield
rPois  .         Gourm    .     (helmet restricted)
rElec  .         Spirit   .     (no cloak)
rCorr  .         Warding  .     y - +0 pair of gloves
rMut   .         Stasis   .     z - +0 pair of boots
MR     .....                    G - amulet of regeneration
Stlth  ..........               (no ring)
                                D - ring of magical power

@: lethally poisoned (-2 -> -2), heavily drained, not resistant to hostile
enchantments, extremely unstealthy
A: retaliatory headbutt, horns 2
a: Heroism, Renounce Religion


You were on level 10 of the Dungeon.
You worshipped Okawaru.
Okawaru was greatly pleased with you.
You were not hungry.

You visited 2 branches of the dungeon, and saw 11 of its levels.
You also visited: Ossuary.

You collected 401 gold pieces.

Inventory:

Hand Weapons
 a - a +0 war axe (weapon)
Armour
 b - a +0 scale mail
 c - a +0 shield (worn)
 e - a +0 plate armour (worn)
 y - a +0 pair of gloves (worn)
 z - a +0 pair of boots (worn)
Jewellery
 D - a ring of magical power (left hand)
 G - an amulet of regeneration (around neck)
 H - an uncursed amulet of faith {unknown}
 R - an uncursed ring of fire {unknown}
 V - an uncursed amulet of clarity {unknown}
 W - an uncursed ring of positive energy {unknown}
Wands
 v - a wand of digging (15)
 M - a wand of frost (15)
Scrolls
 f - 2 scrolls of enchant armour {unknown}
 g - a scroll of fear {unknown}
 h - 2 scrolls of identify
 m - 3 scrolls of amnesia {unknown}
 n - 3 scrolls of remove curse
 o - 2 scrolls of teleportation
 p - 4 scrolls of random uselessness
 q - 2 scrolls of magic mapping
 t - a scroll of enchant weapon {unknown}
 u - 2 scrolls of blinking
 L - a scroll of fog {unknown}
 O - a scroll of immolation {unknown}
Potions
 d - 2 potions of might
 i - 4 potions of curing
 j - 2 potions of magic
 k - 2 potions of haste {unknown}
 s - 4 potions of flight
 w - 3 potions of heal wounds
 A - a potion of cure mutation {unknown}
 B - a potion of berserk rage {unknown}
 C - a potion of lignification {unknown}
 E - a potion of resistance {unknown}
 I - 2 potions of mutation {unknown}
 J - 4 potions of cancellation
 K - 2 potions of poison {unknown}
 P - a potion of ambrosia {unknown}
 Q - 2 potions of agility
 S - 3 potions of degeneration {unknown}
 U - a potion of brilliance {unknown}
Books
 F - a book of the Dragon

   Spells                             Type                      Level
   a - Flame Tongue                   Conjuration/Fire             1
   b - Cause Fear                     Hexes                        4
   c - Bolt of Fire                   Conjuration/Fire             6
   d - Dragon Form                    Transmutation                7
   e - Dragon's Call                  Summoning                    9
Comestibles
 l - 3 meat rations
 r - 5 fruits
 x - 7 bread rations
 N - 2 beef jerkies


   Skills:
 + Level 11.0(8.1) Fighting
 + Level 10.6(7.8) Axes
 + Level 10.6(7.7) Armour
 - Level 3.6(1.2) Shields


You had 9 spell levels left.
You didn't know any spells.

Dungeon Overview and Level Annotations

Branches:
Dungeon (10/15)            Temple (1/1) D:4             Orc (0/4) D:10
   Lair: D:8-11

Altars:
Ashenzari
Cheibriados
Dithmenos
Elyvilon
Fedhas
Gozag
Kikubaaqudgha
Makhleb
Nemelex Xobeh
Okawaru
Qazlal
Ru
Sif Muna
Trog
Vehumet
Xom
Yredelemnul
Zin
The Shining One

Shops:
D:7 }

Annotations:
D:10 Snorg


Innate Abilities, Weirdness & Mutations

You reflexively headbutt those who attack you in melee.
You have a pair of horns on your head.


Message History

You slash Snorg! You headbutt Snorg.
Snorg is severely wounded.
Snorg bites you but does no damage. Snorg barely misses you.
Snorg completely misses you.
You slash Snorg!
Snorg is almost dead.
You feel sick. You block Snorg's attack. Snorg claws you but does no damage.
Snorg barely misses you. Snorg bites you! Snorg claws you.
Snorg claws you but does no damage.
You hit Snorg. You headbutt Snorg!
Snorg is almost dead.
Snorg goes berserk!
You hit Snorg. Your headbutt misses Snorg.
Snorg is almost dead.
Snorg bites you. Snorg claws you! You block Snorg's attack. Snorg bites you!
* * * LOW HITPOINT WARNING * * *
Snorg claws you!
* * * LOW HITPOINT WARNING * * *
Snorg claws you!
You die...

.## .###. ..
.... . .. ...#
.. : ...# .#
#.#..# ..#
#.###.#..#.>.#
.....aT......#
#@# #.#
#.#####.#
#......<#
..#######


You could see Snorg (berserk) and a worker ant.

Vanquished Creatures
  Prince Ribbit (D:8)
  A hippogriff (D:7)
  2 deep elf fighters (D:5)
  2 ice beasts
  Duvessa (D:4)
  A necrophage (D:5)
  A black bear (D:7)
  2 phantoms
  2 wasps (D:8)
  3 orc warriors
  5 ogres
  2 elf zombies (Ossuary)
  5 giant frogs
  2 centaurs
  A gnoll sergeant (D:5)
  2 big kobolds
  Dowan (D:4)
  A wyvern skeleton (D:5)
  A wyvern zombie (D:6)
  5 wights (D:7)
  2 crimson imps
  2 human zombies (Ossuary)
  4 jellies
  5 orc priests
  4 hounds
  An iguana (D:4)
  A giant frog skeleton (D:5)
  4 centaur skeletons
  8 orc wizards
  2 worker ants
  2 hound zombies
  2 mummies (Ossuary)
  Robin (D:3)
  3 gnolls (D:6)
  3 shadow imps
  5 adders
  2 oozes
  An adder skeleton (D:8)
  An adder zombie (D:7)
  6 worms
  6 giant geckos
  24 orcs
  4 giant cockroaches
  17 goblins
  9 hobgoblins
  8 jackals
  18 kobolds
  2 ball pythons
  3 bats
  A giant gecko skeleton (D:8)
  3 giant newts
  11 hobgoblin zombies (Ossuary)
  2 jackal zombies
  13 kobold zombies (Ossuary)
  5 orc zombies (Ossuary)
  4 quokkas
  3 quokka skeletons
  A quokka zombie (D:6)
  9 rats
  2 rat zombies (Ossuary)
245 creatures vanquished.

Notes
Turn   | Place    | Note
--------------------------------------------------------------
     0 | D:1      | pk666 the Minotaur Fighter began the quest for the Orb.
     0 | D:1      | Reached XP level 1. HP: 19/19 MP: 0/0
    73 | D:1      | Reached skill level 4 in Fighting
    73 | D:1      | Reached XP level 2. HP: 27/27 MP: 1/1
   744 | D:1      | Reached XP level 3. HP: 32/34 MP: 2/2
  1159 | D:2      | Reached skill level 5 in Fighting
  1205 | D:2      | Reached XP level 4. HP: 42/42 MP: 3/3
  1388 | D:3      | Noticed Robin
  1402 | D:3      | Killed Robin
  1608 | D:3      | Reached XP level 5. HP: 48/48 MP: 4/4
  1679 | D:3      | Noticed a phantom
  1701 | D:3      | Killed a phantom
  2186 | D:4      | Found a staircase to the Ecumenical Temple.
  2191 | Temple   | Entered the Ecumenical Temple
  2363 | Temple   | Became a worshipper of Warmaster Okawaru
  2479 | D:4      | Noticed an ogre
  2484 | D:4      | Reached skill level 6 in Fighting
  2484 | D:4      | Reached XP level 6. HP: 57/57 MP: 5/5
  2486 | D:4      | Killed an ogre
  2486 | D:4      | Reached skill level 5 in Axes
  2486 | D:4      | Reached skill level 5 in Armour
  2598 | D:4      | Noticed Dowan
  2599 | D:4      | Noticed Duvessa
  2623 | D:4      | Killed Duvessa
  2623 | D:4      | Reached XP level 7. HP: 60/64 MP: 6/6
  2632 | D:4      | Killed Dowan
  2904 | D:5      | Entered Level 5 of the Dungeon
  2979 | D:5      | Reached skill level 7 in Fighting
  3064 | D:5      | Reached * piety under Okawaru
  3336 | D:5      | Reached XP level 8. HP: 47/74 MP: 7/7
  3366 | D:5      | Reached skill level 8 in Fighting
  4007 | D:6      | Reached ** piety under Okawaru
  4167 | D:6      | Found a shadowy altar of Dithmenos.
  4167 | D:6      | Found a sacrificial altar of Ru.
  4476 | D:6      | Reached skill level 9 in Fighting
  4630 | D:7      | Reached XP level 9. HP: 81/83 MP: 8/8
  4673 | D:7      | Found a sand-covered staircase.
  4681 | Ossuary  | Entered an ossuary
  4988 | D:7      | Reached *** piety under Okawaru
  5297 | D:7      | Reached skill level 10 in Fighting
  5378 | D:7      | Found Bac Kutu's Gadget Shop.
  5466 | D:8      | Reached skill level 10 in Axes
  5467 | D:8      | Reached skill level 10 in Armour
  5592 | D:8      | Noticed Prince Ribbit
  5645 | D:8      | Killed Prince Ribbit
  5830 | D:8      | Reached **** piety under Okawaru
  5830 | D:8      | Reached XP level 10. HP: 94/94 MP: 9/9
  6219 | D:9      | Found a bloodstained altar of Trog.
  6222 | D:9      | Found a deep blue altar of Sif Muna.
  6231 | D:9      | Found a sparkling altar of Nemelex Xobeh.
  6466 | D:9      | Reached skill level 11 in Fighting
  6686 | D:10     | Entered Level 10 of the Dungeon
  6689 | D:10     | Found a staircase to the Orcish Mines.
  6689 | D:10     | Noticed Snorg
  6707 | D:10     | Slain by Snorg

Vault maps used:
D:1:      dpeg_arrival_prison, minmay_misc_feat_columns
D:3:      uniq_robin
D:4:      minmay_temple_entry_mist, first_bread, uniq_duvessa
D:5:      minmay_misc_feat_room, sword_in_stone
D:6:      gammafunk_temple_overflow_wave
D:7:      enter_ossuary_3, serial_shops, shop, serial_glass, glass_columns_b,
          glass_columns_b
D:8:      uniq_prince_ribbit1
D:9:      grunt_temple_overflow_open
D:10:     minmay_lair_entry_grove, orc_0_dummy, serial_shops, shop_fountains,
          uniq_grum, uniq_snorg
Temple:   chambers_temple_14
Ossuary:  ossuary_tomb_1

Action                   |  1- 3 |  4- 6 |  7- 9 | 10-12 || total
-------------------------+-------+-------+-------+-------++-------
Melee: War axe           |   110 |   128 |   386 |    79 ||   703
  Use: Scroll            |       |       |     5 |     5 ||    10
  Eat: Chunk             |     1 |     5 |    12 |     3 ||    21
